 Dungeon Crawl Stone Soup version 0.24-a0-439-g6dd8730de2 (webtiles) character file.

Game seed: 3228468482507648885

130 sloany69 the Skirmisher (level 4, -2/41 HPs)
             Began as a Minotaur Fighter on June 18, 2019.
             Killed from afar by Sigmund (5 damage)
             ... with a magic dart
             ... on level 3 of the Dungeon.
             The game lasted 00:17:03 (1964 turns).

sloany69 the Skirmisher (Minotaur Fighter)          Turns: 1964, Time: 00:17:04

Health: -2/41      AC:  7    Str: 22    XL:     4   Next: 89%
Magic:  3/3        EV:  7    Int:  5    God:
Gold:   103        SH:  9    Dex:  9    Spells: 3/3 levels left

rFire    . . .     SeeInvis .   a - +0 long sword
rCold    . . .     Gourm    .   c - +0 shield
rNeg     . . .     Faith    .   b - +0 scale mail
rPois    .         Spirit   .   (helmet restricted)
rElec    .         Reflect  .   (no cloak)
rCorr    .         Harm     .   (no gloves)
MR       .....                  (no boots)
Stlth    ..........             (no amulet)
HPRegen  0.13/turn              (no ring)
MPRegen  0.08/turn              (no ring)

@: no status effects
A: retaliatory headbutt, horns 2
a: no special abilities


You were on level 3 of the Dungeon.
You were hungry.

You visited 1 branch of the dungeon, and saw 3 of its levels.

You collected 103 gold pieces.

Inventory:

Hand Weapons
 a - a +0 long sword (weapon)
Missiles
 k - 2 throwing nets (quivered)
 m - 63 stones
Armour
 b - a +0 scale mail (worn)
 c - a +0 shield (worn)
Jewellery
 e - an uncursed ring of stealth {unknown}
Scrolls
 g - a scroll of enchant armour {unknown}
 h - 3 scrolls of identify {unknown}
 i - a scroll of remove curse {unknown}
 l - a scroll of fear {unknown}
 o - 2 scrolls of noise {unknown}
 r - 3 scrolls of amnesia {unknown}
 s - a scroll of immolation {unknown}
 u - a scroll of teleportation {unknown}
 v - a scroll of magic mapping {unknown}
Potions
 d - 2 potions of might
 j - a potion of haste {unknown}
 n - a potion of invisibility {unknown}
 p - a potion of heal wounds {unknown}
 q - a potion of curing {unknown}
Comestibles
 f - 6 rations
 t - 3 chunks of flesh


   Skills:
 + Level 4.5 Fighting
 * Level 4.0 Long Blades
 + Level 4.5 Armour
 - Level 0.1 Dodging
 + Level 4.4 Shields


You had 3 spell levels left.
You didn't know any spells.
Your spell library was empty.

Dungeon Overview and Level Annotations

Branches:
Dungeon (3/15)

Altars:
Cheibriados
Makhleb
Okawaru
Sif Muna
Trog
Vehumet
Zin

Annotations:
D:3 Sigmund


Innate Abilities, Weirdness & Mutations

You reflexively headbutt those who attack you in melee.
You have a pair of horns on your head.


Message History

Your shield prevents you from hitting Sigmund.
Sigmund is severely wounded.
Sigmund gestures wildly while chanting.
Sigmund flickers and vanishes!
Deactivating autopickup; reactivate with Ctrl-A.
Something hits you.
You closely miss something. You headbutt something! Something hits you.
A magic dart appears from out of thin air!
The magic dart hits you.
Found a deep blue altar of Sif Muna.
You start resting.
Something hits you!
* * * LOW HITPOINT WARNING * * *
You hear the brisk rusting of a drain nearby.
A puff of flame appears from out of thin air!
The puff of flame hits you!
* * * LOW HITPOINT WARNING * * *
A magic dart appears from out of thin air!
The magic dart hits you.
You die...

#.# #.# ##.## ##...##
.._.. ... #.# #@# #.#
#. ###.# ##..
#...###..##.#### ###
##...#...# #.##.. ...
###......#####....##..
#.....(..(...........#
#......###(.........###
######## ##............


There were no monsters in sight!

Vanquished Creatures
  An iguana (D:2)
  A worker ant zombie (D:3)
  3 adders
  An ooze (D:3)
  A worm (D:3)
  A dart slug (D:3)
  2 leopard geckos
  An orc (D:3)
  A giant cockroach (D:2)
  3 goblins
  10 hobgoblins
  4 jackals (D:2)
  5 kobolds
  A quokka (D:2)
  A ball python (D:3)
  8 bats
  A frilled lizard (D:2)
  10 rats
55 creatures vanquished.

Notes
Turn   | Place    | Note
-------+----------+-------------------------------------------
     0 | D:1      | sloany69 the Minotaur Fighter began the quest for the Orb.
     0 | D:1      | Reached XP level 1. HP: 19/19 MP: 0/0
   274 | D:1      | Reached XP level 2. HP: 21/27 MP: 1/1
   835 | D:2      | Found an iron altar of Okawaru.
   870 | D:2      | Found a snail-covered altar of Cheibriados.
   892 | D:2      | Reached XP level 3. HP: 34/34 MP: 2/2
  1015 | D:2      | Found a radiant altar of Vehumet.
  1045 | D:2      | Reached XP level 4. HP: 33/41 MP: 3/3
  1598 | D:3      | Found a bloodstained altar of Trog.
  1660 | D:3      | Found a glowing silver altar of Zin.
  1735 | D:3      | Found a burning altar of Makhleb.
  1948 | D:3      | Noticed Sigmund
  1959 | D:3      | Found a deep blue altar of Sif Muna.
  1964 | D:3      | Killed from afar by Sigmund

Levels and vault maps discovered:
D:1:      dpeg_arrival_arbitrary_b, layout_loops_ring
D:2:      layout_basic, lemuel_doored_altar, cheibriados_altar_1,
          overflow_temple_1_default
D:3:      layout_rooms, nicolae_overflow_crystal_walls,
          nicolae_overflow_quartered_altars, portal_sewer_entry_d, uniq_sigmund

Skill      XL: |  1  2  3  4 |
---------------+-------------+-----
Armour         | 4 |  4.5
Fighting       | 4 |  4.5
Long Blades    | 3 4 |  4.0
Shields        | 4 |  4.4
Dodging        | |  0.1

Action                   |  1- 3 |  4- 6 || total
-------------------------+-------+-------++-------
Melee: Long sword        |    52 |    80 ||   132
       Headbutt          |     4 |    17 ||    21
  Eat: Chunk             |       |     3 ||     3
Armor: Scale mail        |    25 |    42 ||    67
Dodge: Dodged            |    16 |    26 ||    42
Block: Shield            |    19 |    46 ||    65
       Rpst.: Long sword |     6 |     6 ||    12

Table legend:
 A = Non-vault XP
 B = Vault XP
 C = Vault XP percentage of total XP
 D = Non-vault monster count
 E = Vault monster count
 F = Vault count percentage of total count
                 A         B        C        D         E       F
            +---------+---------+-------+---------+---------+-------
      Total |     186 |       0 |   0.0 |      55 |       0 |   0.0
            +---------+---------+-------+---------+---------+-------
        D:1 |      24 |       0 |   0.0 |      14 |       0 |   0.0
        D:2 |      99 |       0 |   0.0 |      25 |       0 |   0.0
        D:3 |      63 |       0 |   0.0 |      16 |       0 |   0.0
            +---------+---------+-------+---------+---------+-------
